 Dungeon Crawl Stone Soup version 0.19.0-20-gbc5f0c6 (webtiles) character file.

58 KarmaPolice the Charmwright (level 3, -2/28 HPs)
             Began as a Vampire Skald on Nov 17, 2016.
             Slain by an orc
             ... wielding a +0 flail
              (9 damage)
             ... on level 3 of the Dungeon.
             The game lasted 00:03:31 (1877 turns).

KarmaPolice the Charmwright (Vampire Skald)         Turns: 1877, Time: 00:03:32

Health: -2/28      AC:  0    Str: 11    XL:     3   Next: 76%
Magic:  2/7        EV: 18    Int: 14    God:
Gold:   108        SH:  0    Dex: 19    Spells: 3 memorised, 2 levels left

rFire  . . .     SeeInvis +     (weapon currently unavailable)
rCold  + . .     Gourm    .     (armour currently unavailable)
rNeg   + + .     Faith    .     (shield currently unavailable)
rPois  +         Spirit   .     (helmet currently unavailable)
rElec  .         Reflect  .     (cloak currently unavailable)
rCorr  .         Harm     .     (gloves currently unavailable)
MR     .....                    (boots currently unavailable)
Stlth  ++++......               (no amulet)
                                (ring currently unavailable)
                                (ring currently unavailable)

@: bat-form, infused, flying, regenerating slowly, slowed, quick
A: fangs 3, see invisible, (unbreathing)
a: End Transformation


You were on level 3 of the Dungeon.
You were very thirsty.
You were in vampire-bat-form.
You visited 1 branch of the dungeon, and saw 3 of its levels.

You collected 108 gold pieces.

Inventory:

Hand Weapons
 a - a +0 falchion (melded)
Armour
 b - a +0 leather armour (melded)
 r - a +0 pair of gloves (melded)
 s - a +0 cloak (melded)
Jewellery
 f - an uncursed ring of protection from cold {unknown}
Scrolls
 g - 5 scrolls of identify {unknown}
 h - a scroll of fear {unknown}
 i - 2 scrolls of teleportation {unknown}
 o - a scroll of noise {unknown}
Potions
 d - 7 potions of blood
 e - 2 potions of haste {unknown}
 j - 2 potions of brilliance {unknown}
 k - 2 potions of curing {unknown}
 l - a potion of might {unknown}
 m - a potion of heal wounds {unknown}
 n - a potion of cure mutation {unknown}
 p - a potion of flight {unknown}
 q - 2 potions of agility {unknown}
Books
 c - a book of Battle

   Spells                             Type                      Level
   a - Infusion                       Charms                       1
   b - Shroud of Golubria             Charms/Translocation         2
   c - Song of Slaying                Charms                       2
   d - Spectral Weapon                Hexes/Charms                 3
   e - Regeneration                   Charms/Necromancy            3


   Skills:
 + Level 2.3 Fighting
 + Level 2.6 Long Blades
 - Level 0.7 Armour
 - Level 1.1 Dodging
 + Level 2.6 Spellcasting
 + Level 3.7 Charms


You had 2 spell levels left.
You knew the following spells:

 Your Spells              Type           Power        Failure   Level  Hunger
a - Infusion              Chrm           ##..         6%          1    #......
b - Shroud of Golubria    Chrm/Tloc      #.........   17%         2    ###....
c - Song of Slaying       Chrm           ##......     10%         2    ###....


Dungeon Overview and Level Annotations

Branches:
Dungeon (3/15)

Altars:


Innate Abilities, Weirdness & Mutations

You heal slowly.
You have razor-sharp teeth.
You have supernaturally acute eyesight. (SInv)
((You can survive without breathing.))


Message History

The worm is severely wounded.
The orc wizard casts a spell at you.
You feel yourself slow down. The worm bites you!
You hit the worm. You bite the worm.
You kill the worm!
You see here a worm corpse.
You turn into a vampire bat.
Your +0 falchion melds into your body.
Your +0 cloak melds into your body.
Your +0 pair of gloves melds into your body.
Your +0 leather armour melds into your body.
Unknown command.
Found a stone staircase leading down.
The orc wizard gestures at you while chanting.
The magic dart hits you!
* * * LOW HITPOINT WARNING * * *
The orc shouts!
The orc shouts!
You hear an angry hiss.
The orc wizard mumbles some strange words.
The orc wizard seems to speed up.
The orc hits you with a flail!
You die...

.# ... #########.
#.# #...o.....
#..####.########
...##...#.b######
..........oo.....#
..........†#####..>
...........######
.........#......#
........##.....o##
........##.!.....#
#
.?.............#..
# ##.###..#.....# #
...


You could see an orc wizard and an orc.

Vanquished Creatures
  A gnoll (D:1)
  An ooze (D:2)
  2 worms
  A dart slug (D:2)
  A leopard gecko (D:2)
  An orc (D:2)
  2 ball pythons
  3 giant cockroaches (D:1)
  3 goblins
  A hobgoblin (D:3)
  2 quokkas (D:2)
  5 bats
  2 frilled lizards
  4 kobolds
  4 rats
33 creatures vanquished.

Notes
Turn   | Place    | Note
-------+----------+-------------------------------------------
     0 | D:1      | KarmaPolice the Vampire Skald began the quest for the Orb.
     0 | D:1      | Reached XP level 1. HP: 16/16 MP: 3/3
   224 | D:1      | Reached XP level 2. HP: 22/22 MP: 5/5
   447 | D:2      | Learned a level 2 spell: Shroud of Golubria
   450 | D:2      | Learned a level 2 spell: Song of Slaying
   871 | D:2      | Reached XP level 3. HP: 27/27 MP: 0/6
  1377 | D:2      | Found a faded altar of an unknown god.
  1877 | D:3      | Slain by an orc

Skill      XL: |  1 |
---------------+----+-----
Fighting       | 2 |  2.3
Long Blades    | |  2.6
Armour         | |  0.7
Dodging        | |  1.1
Spellcasting   | |  2.6
Charms         | |  3.7

Action                   || total
-------------------------++-------
Melee: Falchion          ||    92
       Bite              ||    14
 Cast: Infusion          ||     7
       Shroud of Golubri ||     3
 Abil: Bat Form          ||     2
       End Transformatio ||     1
  Use: Potion            ||     1
 Stab: Sleeping          ||     2
Armor: Leather armour    ||    43
Dodge: Dodged            ||    89
       Rpst.: Falchion   ||    23
